 Dungeon Crawl Stone Soup version 0.30.1-3-gfc49f6343a (webtiles) character file.

Game seed: 10021148631459444953

641 CaptainMV the Grave Robber (level 7, 0/53 HPs)
             Began as a Demonspawn Wanderer on July 21, 2023.
             Slain by a steam dragon (2 damage)
             ... on level 5 of the Dungeon.
             The game lasted 00:33:17 (2310 turns).

CaptainMV the Grave Robber (Demonspawn Wanderer)    Turns: 2310, Time: 00:33:18

Health: 0/53       AC:  4    Str: 10    XL:     7   Next: 26%
Magic:  7/13       EV: 12    Int: 16    God:
Gold:   150        SH:  0    Dex: 14    Spells: 5/14 levels left

rFire   . . .        a - +3 dagger (chaos)
rCold   . . .        (no shield)
rNeg    . . .        c - +0 robe
rPois   .            (no helmet)
rElec   .            (no cloak)
rCorr   .            (no gloves)
SInv    .            (no boots)
Will    .....        (no amulet)
Stlth   ++           m - ring of wizardry
HPRegen 0.28/turn    (no ring)
MPRegen 0.13/turn

%: wizardry (x1)
@: no status effects
A: thin metallic scales 1, demonic guardian 1, foul stench 1, demonic touch 2
a: no special abilities


You were on level 5 of the Dungeon.
You visited 1 branch of the dungeon, and saw 5 of its levels.

You collected 150 gold pieces.

Inventory:

Hand Weapons
 a - a +3 dagger of chaos (weapon)
 l - a +0 dagger
Missiles
 e - 2 boomerangs
 i - 2 atropa-tipped darts
 n - 5 poisoned darts (quivered)
 q - 5 javelins
 t - 2 throwing nets
Armour
 c - a +0 robe (worn)
Magical Staves
 b - a staff of cold
Jewellery
 j - an amulet of the acrobat
 m - a ring of wizardry (left hand)
 p - an amulet of guardian spirit
Scrolls
 h - a scroll of teleportation
 s - 2 scrolls of identify
Potions
 d - a potion of attraction
 f - 2 potions of heal wounds
 g - 2 potions of mutation
 k - 2 potions of curing
 o - a potion of brilliance {unknown}
 r - 2 potions of lignification


   Skills:
 + Level 3.6 Fighting
 + Level 1.2 Short Blades
 + Level 2.2 Dodging
 + Level 2.0 Stealth
 + Level 4.2 Spellcasting
 + Level 5.3 Necromancy
 + Level 2.2 Ice Magic


You had 5 spell levels left.
You knew the following spells:

 Your Spells              Type           Power      Damage    Failure   Level
a - Necrotise             Necr           80%        1d8       1%          1
b - Freeze                Ice            40%        1d6       2%          1
c - Vampiric Draining     Necr           20%        2d7       2%          3
d - Manifold Assault      Tloc           3%         N/A       52%         4

Your spell library contained the following spells:

 Spells                   Type           Power      Damage    Failure   Level
 Apportation              Tloc           6%         N/A       7%          1
 Frozen Ramparts          Ice            20%        1d4       9%          3
 Blink                    Tloc           6%         N/A       11%         2
 Summon Ice Beast         Ice/Summ       6%         N/A       38%         4
 Alistair's Intoxication  Tmut/Pois      2%         N/A       86%         5
 Malign Gateway           Summ/Tloc      1%         N/A       100%        7
 Storm Form               Tmut/Air       1%         N/A       100%        7
 Summon Horrible Things   Summ           1%         N/A       100%        8


Dungeon Overview and Level Annotations

Branches:
Dungeon (5/15)
 Temple: D:4-7

Altars:
Cheibriados


Innate Abilities, Weirdness & Mutations

You are partially covered in thin metallic scales. (AC +2)
A weak demonic guardian rushes to your aid.
You may rarely emit foul miasma when damaged in melee.
Your touch may inflict irresistible damage on your foes.


Message History

The steam dragon breathes steam at you. The ball of steam hits you!
You are engulfed in a cloud of scalding steam.
The fungus is engulfed in a cloud of scalding steam.
The fungus begins to die.
The fungus is engulfed in a cloud of scalding steam.
The fungus begins to die.
The fungus is engulfed in a cloud of scalding steam.
The fungus begins to die.
The fungus is engulfed in a cloud of scalding steam.
The fungus begins to die.
You are engulfed in a cloud of scalding steam.
The fungus is engulfed in a cloud of scalding steam. x2
The fungus is engulfed in a cloud of scalding steam. x2
The fungus begins to die.
A nearby fungus withers and dies.
A nearby fungus withers and dies. x3
Casting: Necrotise (safe; 1% risk of failure)
Confirm with . or Enter, or press ? or * to list all spells.
Aiming: Vampiric Draining (dangerous; 2% risk of failure)
Press: ? - help, Shift-Dir - straight line, f - steam dragon, p - steam dragon
Aim: a steam dragon (moderately wounded, poisoned)
You draw life force from the steam dragon!
You feel life coursing into your body.
The steam dragon looks more healthy.
The fungus is engulfed in a cloud of scalding steam.
The fungus begins to die.
The steam dragon bites you! The steam dragon barely misses you.
Casting: Vampiric Draining (dangerous; 2% risk of failure)
Confirm with . or Enter, or press ? or * to list all spells.
Aiming: Vampiric Draining (dangerous; 2% risk of failure)
Press: ? - help, Shift-Dir - straight line, f - steam dragon, p - steam dragon
Aim: a steam dragon You draw life force from the steam dragon!
You feel life coursing into your body. The steam dragon breathes steam at you.
The ball of steam hits you!
* * * LOW HITPOINT WARNING * * *
The steam dragon bites you!
* * * LOW HITPOINT WARNING * * *
A demonic guardian appears!
The steam dragon claws you.
You die...

*,* #~~..D..~#)# *,*
#PP.....P#.# ###*,*
*#...(~P##.# ...,,*
*#P~.~^#..# ###***
*#~..##.## #..~#..#
#..~#.## #DD~#÷#
#.@.#.## ############
#~§5#..# ...........#
#.§###.# ##########<#
#..##..#
*********##*##~.##.##
*,,,,,,,,,,,#P.≈##..##
*,*********,#..P###..##
*,*********,#~.~#
##..##
*,,,,,,,,,*,#~.~##
#...#


You could see 2 steam dragons and a friendly shadow imp (summoned).

Vanquished Creatures
  2 phantoms (D:5)
  2 scorpions (D:5)
  An orc priest (D:2)
  A gnoll bouda (D:5)
  A hound (D:5)
  A jelly (D:3)
  An iguana (D:5)
  6 gnolls (D:5)
  6 adders
  2 dart slugs
  3 orcs
  6 bats
  5 endoplasms
  A giant cockroach (D:3)
  12 goblins
  7 hobgoblins
  4 jackals (D:2)
  2 quokkas
  9 ball pythons
  6 frilled lizards
  7 kobolds
  2 rats
87 creatures vanquished.

Vanquished Creatures (collateral kills)
  Robin (D:3)
  2 gnolls (D:5)
  A dart slug (D:1)
  3 orcs (D:4)
  An endoplasm (D:1)
  2 goblins (D:3)
  A ball python (D:1)
  A frilled lizard (D:1)
  A kobold (D:4)
  A rat (D:2)
14 creatures vanquished.

Grand Total: 101 creatures vanquished

Notes
Turn   | Place    | Note
-------+----------+-------------------------------------------
     0 | D:1      | CaptainMV the Demonspawn Wanderer began the quest for the
                  | Orb.
     0 | D:1      | CaptainMV set off with the following items: a +0 dagger, a
                  | scroll of teleportation, a +0 robe, a potion of attraction;
                  | and the following spells available to memorise: Necrotise,
                  | Freeze, Vampiric Draining, Frozen Ramparts, Summon Ice
                  | Beast.
     0 | D:1      | Reached XP level 1. HP: 18/18 MP: 2/2
     2 | D:1      | Learned a level 1 spell: Necrotise
     4 | D:1      | Learned a level 1 spell: Freeze
   284 | D:1      | Gained mutation: You may rarely emit foul miasma when
                  | damaged in melee. [demonic ancestry]
   284 | D:1      | Reached XP level 2. HP: 21/24 MP: 0/3
   657 | D:2      | Gained mutation: Your touch may inflict minor irresistible
                  | damage on your foes. [demonic ancestry]
   657 | D:2      | Reached XP level 3. HP: 29/29 MP: 0/4
   699 | D:2      | Found the +5 woodcutter's axe
   708 | D:2      | Reached skill level 3 in Necromancy
   816 | D:2      | HP: 1/29 [orc priest/divine providence (15)]
   823 | D:2      | Gained mutation: Your touch may inflict irresistible damage
                  | on your foes. [demonic ancestry]
   823 | D:2      | Reached XP level 4. HP: 23/35 MP: 1/6
   841 | D:2      | Learned a level 3 spell: Vampiric Draining
  1065 | D:3      | Found a snail-covered altar of Cheibriados.
  1264 | D:3      | Identified the +1 chain mail "Qimeakhle" {Slay+2}
  1327 | D:3      | Noticed Robin
  1338 | D:3      | Gained mutation: A weak demonic guardian rushes to your
                  | aid. [demonic ancestry]
  1338 | D:3      | Reached XP level 5. HP: 26/41 MP: 0/8
  1350 | D:3      | Killed Robin
  1421 | D:3      | Learned a level 4 spell: Manifold Assault
  1888 | D:4      | Reached skill level 4 in Necromancy
  1971 | D:5      | Entered Level 5 of the Dungeon
  2007 | D:5      | Noticed a phantom
  2011 | D:5      | Killed a phantom
  2012 | D:5      | Reached skill level 1 in Short Blades
  2012 | D:5      | Gained mutation: You are partially covered in thin metallic
                  | scales. (AC +2) [demonic ancestry]
  2012 | D:5      | Reached XP level 6. HP: 40/47 MP: 2/11
  2102 | D:5      | Reached skill level 5 in Necromancy
  2102 | D:5      | Reached XP level 7. HP: 25/52 MP: 5/12
  2299 | D:5      | Noticed a steam dragon
  2301 | D:5      | Noticed a steam dragon
  2310 | D:5      | HP: 2/53 [steam dragon (10)]
  2310 | D:5      | Slain by a steam dragon

Illustrated notes

Levels and vault maps discovered:
D:1:      dpeg_arrival_tiny_f, layout_loops_ring, minmay_misc_feat_pillars,
          minmay_misc_feat_iff, hangedman_decor_points
D:2:      layout_rooms, minmay_unequal, uniq_sigmund
D:3:      layout_loops_corners, mainiacjoe_overflow_catwalk, uniq_robin
D:4:      layout_loops_cross, roderic_nine_men_s_morris
D:5:      kennysheep_steamy, layout_basic

Skill      XL: |  1  2  3  4  5  6  7 |
---------------+----------------------+-----
Ice Magic      | 2 |  2.2
Necromancy     | 3 4 5 |  5.3
Spellcasting   | 2 3 4 |  4.2
Short Blades   | 1 |  1.2
Dodging        | 2 |  2.2
Stealth        | 2 |  2.0
Fighting       | |  3.6

Action                     |  1- 3 |  4- 6 |  7- 9 || total
---------------------------+-------+-------+-------++-------
  Melee: Dagger            |    79 |    44 |    16 ||   139
         Staff             |     5 |       |       ||     5
         Punch             |     2 |       |       ||     2
         Touch             |     3 |    11 |     5 ||    19
  Throw: Dart              |       |       |     2 ||     2
   Cast: Necrotise         |    29 |    58 |     3 ||    90
         Freeze            |     8 |     6 |       ||    14
         Vampiric Draining |       |     4 |     3 ||     7
    Use: Scroll            |     3 |     5 |     1 ||     9
         Potion            |     1 |     2 |       ||     3
   Stab: Sleeping          |     2 |     4 |       ||     6
 Armour: Robe              |    15 |     8 |     2 ||    25
  Dodge: Dodged            |    53 |    38 |    10 ||   101
